SAAA
ALLOWAY HALBERDS @ ELLENBURG FIGHTING DACHSUNDS
08/01/2025
 
TOP OF THE 1ST
Alloway Halberds batting - Pitching for Ellenburg Fighting Dachsunds : RHP Ed Stark
Pitching: RHP Ed Stark
Batting: RHB Juan Salinas 0-0: Ball
1-0: Ball
2-0: TRIPLE (Flyball, 8LXD)
Batting: RHB Sung-min Pae 0-0: Ball
1-0: Ball
2-0: Ball
3-0: Base on Balls
Batting: RHB Christovão Galho 0-0: Ball
1-0: Foul Ball, location: 2F
1-1: Ball
2-1: Hit by Pitch
Sung-min Pae to second
Batting: RHB Jarred Morgan 0-0: Called Strike
0-1: SINGLE (Groundball, 6MD)
Juan Salinas scores
Sung-min Pae to third
Christovão Galho to second
Runner from 3rd tries for Home, SAFE, no throw
Batting: RHB Alfredo Chávez 0-0: Foul Ball, location: 2F
0-1: Foul Ball, location: 2F
0-2: Fielders Choice at 2nd, 1-6 (Groundball, 13)
Christovão Galho to third
Batting: RHB Jonathan Cundall 0-0: Ball
1-0: Ball
2-0: SINGLE (Groundball, 34D)
Christovão Galho scores
Alfredo Chávez to second
Runner from 2nd tries for 3rd, OUT!
Batting: SHB Ron Peterson 0-0: Swinging Strike
0-1: Ball
1-1: Fielders Choice at 2nd, 6-4 (Groundball, 6)
Top of the 1st over - 3 run(s), 3 hit(s), 0 error(s), 0 left on base; Alloway 3 - Ellenburg 0
BOTTOM OF THE 1ST
Ellenburg Fighting Dachsunds batting - Pitching for Alloway Halberds : RHP Daniel Martínez
Pitching: RHP Daniel Martínez
Batting: LHB Aquiles Marmelo 0-0: Ball
1-0: Ball
2-0: Fly out, F8 (Flyball, 8RD)
Batting: RHB Bob Campbell 0-0: Ball
1-0: Ball
2-0: Swinging Strike
2-1: Ball
3-1: Base on Balls
Batting: RHB Ed Adams 0-0: Ball
1-0: Called Strike
1-1: Fly out, F8 (Flyball, 8LXD)
Batting: RHB Preston Hernández 0-0: Called Strike
0-1: Ball
1-1: Ball
2-1: Foul Ball, location: 2F
2-2: Foul Ball, location: 2F
2-2: Ball
3-2: Base on Balls
Bob Campbell to second
Batting: RHB Juan Ramos 0-0: Ball
1-0: Called Strike
1-1: Called Strike
1-2: Ball
2-2: Foul Ball, location: 2F
2-2: Ball
3-2: Foul Ball, location: 2F
3-2: Fly out, F8 (Flyball, 8RD)
Bottom of the 1st over - 0 run(s), 0 hit(s), 0 error(s), 2 left on base; Alloway 3 - Ellenburg 0
TOP OF THE 2ND
Alloway Halberds batting - Pitching for Ellenburg Fighting Dachsunds : RHP Ed Stark
Batting: RHB Danny Hall 0-0: Ball
1-0: Called Strike
1-1: Ball
2-1: Swinging Strike
2-2: Ball
3-2: Ground out 6-3 (Groundball, 6)
Batting: RHB Jorge López 0-0: Fly out, F9 (Flyball, 9LMF)
Batting: RHB Juan Salinas 0-0: Ball
1-0: SINGLE (Flyball, 8RS)
Batting: RHB Sung-min Pae 0-0: Ball
1-0: Called Strike
1-1: Swinging Strike
1-2: Foul Ball, location: 2F
1-2: Ground out 1-3 (Groundball, 13S)
Top of the 2nd over - 0 run(s), 1 hit(s), 0 error(s), 1 left on base; Alloway 3 - Ellenburg 0
BOTTOM OF THE 2ND
Ellenburg Fighting Dachsunds batting - Pitching for Alloway Halberds : RHP Daniel Martínez
Batting: RHB José Vázquez 0-0: Ball
1-0: Called Strike
1-1: Swinging Strike
1-2: Strikes out swinging
Batting: RHB Meka Knight 0-0: Foul Ball, location: 2F
0-1: Ground out 6-3 (Groundball, 6)
Batting: RHB Jack Burton 0-0: Foul Ball, location: 2F
0-1: Foul Ball, location: 2F
0-2: Fly out, F9 (Line Drive, 89M)
Bottom of the 2nd over - 0 run(s), 0 hit(s), 0 error(s), 0 left on base; Alloway 3 - Ellenburg 0
TOP OF THE 3RD
Alloway Halberds batting - Pitching for Ellenburg Fighting Dachsunds : RHP Ed Stark
Batting: RHB Christovão Galho 0-0: Fly out, F9 (Flyball, 9LS)
Batting: RHB Jarred Morgan 0-0: Fly out, F5 (Popup, 56)
Batting: RHB Alfredo Chávez 0-0: Ball
1-0: Swinging Strike
1-1: Ball
2-1: Ball
3-1: Base on Balls
Batting: RHB Jonathan Cundall 0-0: Foul Ball, location: 2F
0-1: Ball
1-1: Ball
2-1: Fly out, F6 (Line Drive, 6)
Top of the 3rd over - 0 run(s), 0 hit(s), 0 error(s), 1 left on base; Alloway 3 - Ellenburg 0
BOTTOM OF THE 3RD
Ellenburg Fighting Dachsunds batting - Pitching for Alloway Halberds : RHP Daniel Martínez
Batting: RHB Victor Haley 0-0: Called Strike
0-1: SINGLE (Groundball, 56D)
Batting: LHB Aquiles Marmelo 0-0: Swinging Strike
0-1: Swinging Strike
0-2: Strikes out swinging
Batting: RHB Bob Campbell 0-0: Swinging Strike
0-1: Called Strike
0-2: Strikes out looking
Batting: RHB Ed Adams 0-0: Ball
Passed Ball!
Victor Haley to second
1-0: Foul Ball, location: 2F
1-1: Swinging Strike
1-2: Strikes out swinging
Bottom of the 3rd over - 0 run(s), 1 hit(s), 0 error(s), 1 left on base; Alloway 3 - Ellenburg 0
TOP OF THE 4TH
Alloway Halberds batting - Pitching for Ellenburg Fighting Dachsunds : RHP Ed Stark
Batting: SHB Ron Peterson 0-0: Ball
1-0: Ball
2-0: Called Strike
2-1: Foul Ball, location: 2F
2-2: Foul Ball, location: 2F
2-2: Fly out, F7 (Flyball, 7LM)
Batting: RHB Danny Hall 0-0: Fly out, F4 (Line Drive, 4M)
Batting: RHB Jorge López 0-0: Ball
1-0: Foul Ball, location: 2F
1-1: Called Strike
1-2: Fly out, F7 (Flyball, 78D)
Top of the 4th over - 0 run(s), 0 hit(s), 0 error(s), 0 left on base; Alloway 3 - Ellenburg 0
BOTTOM OF THE 4TH
Ellenburg Fighting Dachsunds batting - Pitching for Alloway Halberds : RHP Daniel Martínez
Batting: RHB Preston Hernández 0-0: Ball
1-0: Swinging Strike
1-1: Called Strike
1-2: Strikes out swinging
Batting: RHB Juan Ramos 0-0: Ball
1-0: Ground out 6-3 (Groundball, 6)
Batting: RHB José Vázquez 0-0: Ball
1-0: Ball
2-0: Ball
3-0: Called Strike
3-1: Foul Ball, location: 2F
3-2: Base on Balls
Batting: RHB Meka Knight 0-0: Called Strike
0-1: Swinging Strike
0-2: Foul Ball, location: 2F
0-2: Ball
1-2: Strikes out swinging
Bottom of the 4th over - 0 run(s), 0 hit(s), 0 error(s), 1 left on base; Alloway 3 - Ellenburg 0
TOP OF THE 5TH
Alloway Halberds batting - Pitching for Ellenburg Fighting Dachsunds : RHP Ed Stark
Batting: RHB Juan Salinas 0-0: Swinging Strike
0-1: Foul Ball, location: 2F
0-2: Foul Ball, location: 2F
0-2: DOUBLE (Line Drive, 9D)
Batting: RHB Sung-min Pae 0-0: Called Strike
0-1: Foul Ball, location: 2F
0-2: SINGLE (Groundball, 6MD)
Juan Salinas to third
Runner from 3rd tries for Home, throw and OUT!
Sung-min Pae to second
Batting: RHB Christovão Galho 0-0: Ball
1-0: Fly out, F8 (Flyball, 8LS)
Batting: RHB Jarred Morgan 0-0: Intentional Walk
Batting: RHB Alfredo Chávez 0-0: Ball
1-0: Called Strike
1-1: Called Strike
1-2: Strikes out swinging
Top of the 5th over - 0 run(s), 2 hit(s), 0 error(s), 2 left on base; Alloway 3 - Ellenburg 0
BOTTOM OF THE 5TH
Ellenburg Fighting Dachsunds batting - Pitching for Alloway Halberds : RHP Daniel Martínez
Batting: RHB Jack Burton 0-0: Called Strike
0-1: Called Strike
0-2: Ball
1-2: Strikes out swinging
Batting: RHB Victor Haley 0-0: Called Strike
0-1: Foul Ball, location: 2F
0-2: Ball
1-2: Ball
2-2: Foul Ball, location: 2F
2-2: SINGLE (Flyball, 8RS)
Pitching: RHP Jim Unknown
Batting: LHB Aquiles Marmelo 0-0: Ball
1-0: Ball
2-0: Swinging Strike
2-1: Called Strike
2-2: Strikes out swinging
Victor Haley steals 2nd base
Batter strikes out.
Batting: RHB Bob Campbell 0-0: Ball
1-0: Ball
2-0: Ball
3-0: Base on Balls
Batting: RHB Ed Adams 0-0: Called Strike
0-1: Called Strike
0-2: Strikes out swinging
Bottom of the 5th over - 0 run(s), 1 hit(s), 0 error(s), 2 left on base; Alloway 3 - Ellenburg 0
TOP OF THE 6TH
Alloway Halberds batting - Pitching for Ellenburg Fighting Dachsunds : RHP Ed Stark
Batting: RHB Jonathan Cundall 0-0: Ground out 5-3 (Groundball, 5S)
Batting: SHB Ron Peterson 0-0: Ball
1-0: Foul Ball, location: 2F
1-1: Foul Ball, location: 2F
1-2: Ball
2-2: Fly out, F8 (Flyball, 8RS)
Batting: RHB Danny Hall 0-0: Ball
1-0: Foul Ball, location: 2F
1-1: Foul Ball, location: 2F
1-2: Foul Ball, location: 2F
1-2: Ball
2-2: Fly out, F8 (Flyball, 8LS)
Top of the 6th over - 0 run(s), 0 hit(s), 0 error(s), 0 left on base; Alloway 3 - Ellenburg 0
BOTTOM OF THE 6TH
Ellenburg Fighting Dachsunds batting - Pitching for Alloway Halberds : RHP Jim Unknown
Batting: RHB Preston Hernández 0-0: Ball
1-0: Ball
2-0: Foul Ball, location: 2F
2-1: Ball
3-1: Called Strike
3-2: Base on Balls
Batting: RHB Juan Ramos 0-0: Foul Ball, location: 2F
0-1: DOUBLE (Line Drive, 7LM)
Preston Hernández to third
Batting: RHB José Vázquez 0-0: Ground out 6-3 (Groundball, 6)
Preston Hernández scores
Batting: RHB Meka Knight 0-0: Ball
1-0: SINGLE (Line Drive, 6MD)
Juan Ramos to third
Runner from 3rd tries for Home, throw and OUT!
Batting: RHB Jack Burton 0-0: Ball
1-0: Called Strike
1-1: Ball
2-1: Fly out, F9 (Flyball, 9)
Bottom of the 6th over - 1 run(s), 2 hit(s), 0 error(s), 1 left on base; Alloway 3 - Ellenburg 1
TOP OF THE 7TH
Alloway Halberds batting - Pitching for Ellenburg Fighting Dachsunds : RHP Ed Stark
Batting: RHB Jorge López 0-0: DOUBLE (Flyball, 78D)
Batting: RHB Juan Salinas 0-0: Intentional Walk
Batting: RHB Sung-min Pae 0-0: Bunted foul
0-1: Sac Bunt - play at first, batter OUT! 3-4
Jorge López to third
Juan Salinas to second
Batting: RHB Christovão Galho 0-0: Fly out, F6 (Popup, 6D)
Batting: RHB Jarred Morgan 0-0: Intentional Walk
Pinch Hitting: RHB Stewart Ralston 0-0: Foul Ball, location: 2F
0-1: Ball
1-1: Ball
2-1: Ball
3-1: Base on Balls
Jorge López scores
Juan Salinas to third
Jarred Morgan to second
Batting: RHB Jonathan Cundall 0-0: Ball
1-0: Ball
2-0: Called Strike
2-1: Ball
3-1: Base on Balls
Juan Salinas scores
Jarred Morgan to third
Stewart Ralston to second
Pitching: LHP José Tovar
Batting: SHB Ron Peterson 0-0: Swinging Strike
0-1: Ball
1-1: Ball
2-1: Ball
3-1: Called Strike
3-2: Base on Balls
Jarred Morgan scores
Stewart Ralston to third
Jonathan Cundall to second
Batting: RHB Danny Hall 0-0: Called Strike
0-1: Ball
1-1: Ground out 5-3 (Groundball, 56)
Top of the 7th over - 3 run(s), 1 hit(s), 0 error(s), 3 left on base; Alloway 6 - Ellenburg 1
BOTTOM OF THE 7TH
Ellenburg Fighting Dachsunds batting - Pitching for Alloway Halberds : RHP Jim Unknown
Now in LF: Stewart Ralston
Batting: RHB Victor Haley 0-0: Called Strike
0-1: Ball
1-1: Ball
2-1: Foul Ball, location: 2F
2-2: Ground out 5-3 (Groundball, 56)
Batting: LHB Aquiles Marmelo 0-0: Called Strike
0-1: Called Strike
0-2: Ball
1-2: Strikes out looking
Batting: RHB Bob Campbell 0-0: Swinging Strike
0-1: SINGLE (Groundball, 56D)
Batting: RHB Ed Adams 0-0: Ball
1-0: Called Strike
1-1: Called Strike
1-2: Fly out, F8 (Flyball, 8LD)
Bottom of the 7th over - 0 run(s), 1 hit(s), 0 error(s), 1 left on base; Alloway 6 - Ellenburg 1
TOP OF THE 8TH
Alloway Halberds batting - Pitching for Ellenburg Fighting Dachsunds : LHP José Tovar
Batting: RHB Jorge López 0-0: Ball
1-0: Foul Ball, location: 2F
1-1: Ball
2-1: Ball
3-1: SINGLE (Groundball, 56S) (infield hit)
Batting: RHB Juan Salinas 0-0: Ball
1-0: Called Strike
1-1: Swinging Strike
1-2: Foul Ball, location: 2F
1-2: Ball
2-2: Strikes out swinging
Batting: RHB Sung-min Pae 0-0: Ball
1-0: Called Strike
1-1: Ball
2-1: Foul Ball, location: 2F
2-2: Foul Ball, location: 2F
2-2: Ball
3-2: Base on Balls
Jorge López to second
Batting: RHB Christovão Galho 0-0: Ball
1-0: Ball
2-0: Called Strike
2-1: Called Strike
2-2: Ball
3-2: Foul Ball, location: 2F
3-2: Foul Ball, location: 2F
3-2: Base on Balls
Jorge López to third
Sung-min Pae to second
Batting: RHB Jarred Morgan 0-0: Called Strike
0-1: Ball
1-1: Swinging Strike
1-2: Ball
2-2: Grounds into double play, 6-4-3 (Groundball, 6)
Top of the 8th over - 0 run(s), 1 hit(s), 0 error(s), 2 left on base; Alloway 6 - Ellenburg 1
BOTTOM OF THE 8TH
Ellenburg Fighting Dachsunds batting - Pitching for Alloway Halberds : RHP Jim Unknown
Batting: RHB Preston Hernández 0-0: Foul Ball, location: 2F
0-1: Ball
1-1: Ball
2-1: Ball
3-1: Called Strike
3-2: Base on Balls
Pitching: LHP Jim Unknown
Batting: RHB Juan Ramos 0-0: Ground out U3 (Groundball, 34)
Preston Hernández to second
Batting: RHB José Vázquez 0-0: Ground out 6-3 (Groundball, 6)
Batting: RHB Meka Knight 0-0: Called Strike
0-1: Foul Ball, location: 2F
0-2: Strikes out swinging
Bottom of the 8th over - 0 run(s), 0 hit(s), 0 error(s), 1 left on base; Alloway 6 - Ellenburg 1
TOP OF THE 9TH
Alloway Halberds batting - Pitching for Ellenburg Fighting Dachsunds : LHP José Tovar
Pitching: RHP Bill Schneider
Batting: RHB Stewart Ralston 0-0: Called Strike
0-1: Ball
1-1: Foul Ball, location: 2F
1-2: Ball
2-2: Foul Ball, location: 2F
2-2: Strikes out looking
Pitching: RHP Jim Unknown
Batting: RHB Jonathan Cundall 0-0: Called Strike
0-1: Ground out 6-3 (Groundball, 6)
Batting: SHB Ron Peterson 0-0: Ball
1-0: Swinging Strike
1-1: Ball
2-1: Ground out 4-3 (Groundball, 34D)
Top of the 9th over - 0 run(s), 0 hit(s), 0 error(s), 0 left on base; Alloway 6 - Ellenburg 1
BOTTOM OF THE 9TH
Ellenburg Fighting Dachsunds batting - Pitching for Alloway Halberds : LHP Jim Unknown
Pitching: RHP Dylan Silva
Batting: RHB Jack Burton 0-0: Fly out, F7 (Flyball, 7)
Batting: RHB Victor Haley 0-0: Ground out 5-3 (Groundball, 56S)
Batting: LHB Aquiles Marmelo 0-0: Fly out, F8 (Flyball, 8LM)
Bottom of the 9th over - 0 run(s), 0 hit(s), 0 error(s), 0 left on base; Alloway 6 - Ellenburg 1
Friday, December 30th, 2016 - OOTP Baseball 17.12 Build 75